 Dungeon Sprint DCSS version 0.19.5 (webtiles) character file.

15 potatolord5000 the Ducker (level 2, -6/21 HPs)
             Began as a High Elf Gladiator on May 1, 2017.
             Was a Follower of Lugonu.
             Killed by divine providence
             ... invoked by a smoke demon
              (14 damage)
             ... in the Dungeon (Sprint V: "Ziggurat Sprint").
             The game lasted 00:02:55 (182 turns).

potatolord5000 the Ducker (High Elf Gladiator)       Turns: 182, Time: 00:02:55

Health: -6/21      AC:  4    Str: 14    XL:     2   Next: 34%
Magic:  3/3        EV: 15    Int: 11    God:    Lugonu [*.....]
Gold:   0          SH:  0    Dex: 27    Spells: 0 memorised, 1 level left

rFire  . . .     SeeInvis .     a - +7 longbow "Piercer" {penet, EV-2}
rCold  . . .     Gourm    .     b - +0 leather armour
rNeg   . . .     Faith    .     (shield currently unavailable)
rPois  .         Spirit   .     c - +0 helmet
rElec  .         Reflect  .     (no cloak)
rCorr  .         Harm     .     (no gloves)
MR     .....     NoTele   +     (no boots)
Stlth  +.........               (no amulet)
                                q - +6 ring of dexterity
                                k - +6 ring of dexterity

@: liquid flames, glowing
A: no striking features
a: Renounce Religion


You were in the Dungeon.
You worshipped Lugonu.
Lugonu was aware of your devotion.
You were not hungry.

You visited 1 branch

Inventory:

Hand Weapons
 a - the +7 longbow "Piercer" (weapon) {penet, EV-2}
   (You found it in the Dungeon)

   Ammo fired by it will pass through the targets it hits, potentially hitting
   all targets in its path until it reaches maximum range.
   It affects your evasion (-2).
 r - a +5 demon blade
Missiles
 s - 999 arrows (quivered)
Armour
 b - a +0 leather armour (worn)
 c - a +0 helmet (worn)
Jewellery
 k - a +6 ring of dexterity (left hand)
 q - a +6 ring of dexterity (right hand)
Scrolls
 v - 5 scrolls of remove curse
Potions
 d - 2 potions of brilliance
 e - 10 potions of curing
 g - 10 potions of heal wounds
 h - 6 potions of haste
 i - 7 potions of magic
 j - 3 potions of berserk rage
 l - 2 potions of invisibility
 m - 4 potions of resistance
 o - 5 potions of agility
 p - 5 potions of might
Comestibles
 f - 5 bread rations
 x - 42 fruits
 z - 4 meat rations


   Skills:
 + Level 3.6 Fighting
 + Level 5.2 Long Blades
 + Level 3.6 Bows
 - Level 2.0 Throwing
 * Level 5.8 Dodging
 + Level 3.4 Stealth


You had one spell level left.
You didn't know any spells.

Dungeon Overview and Level Annotations

Branches:
Dungeon (1/1)

Altars:
Ashenzari
Cheibriados
Dithmenos
Elyvilon
Fedhas
Gozag
Hepliaklqana
Kikubaaqudgha
Makhleb
Nemelex Xobeh
Okawaru
Qazlal
Ru
Sif Muna
Trog
Uskayaw
Vehumet
Xom
Yredelemnul
Zin
The Shining One
Beogh
Jiyva
Lugonu


Message History

Unknown command.
Your surroundings seem different!
Welcome to arena 1.
A white imp and a smoke demon come into view.
The white imp shouts!
The smoke demon roars!
The smoke demon gestures at you. The sticky flame hits you!
You are covered in liquid flames!
Found a +0 shortbow of freezing and a +0 scale mail of cold resistance.
Firing (i - inventory):
s - 1000 arrows (quivered)
Press: ? - help, Shift-Dir - straight line, f - white imp
Aim: a white imp You shoot an arrow.
The arrow pierces through the white imp!
You kill the white imp!
Lugonu accepts your kill.
You are covered in liquid flames!
The smoke demon gestures at you. Something smites you!
Ouch! That really hurt!
You die...

▓▓▓▓▓▓▓
▓.8©8.▓
▓.....▓
▓.3.).▓
▓.....▓
▓.....▓
▓..@..▓
▓▓▓▓▓▓▓


You could see a smoke demon.

Vanquished Creatures
  A white imp (D)
1 creature vanquished.

Notes
Turn   | Place    | Note
-------+----------+-------------------------------------------
     0 | D        | potatolord5000 the High Elf Gladiator began the quest for the Orb.
     0 | D        | Reached XP level 1. HP: 14/14 MP: 2/2
     1 | D        | Found a blossoming altar of Fedhas.
     4 | D        | Found a deep blue altar of Sif Muna.
     4 | D        | Found a sacrificial altar of Ru.
     4 | D        | Found a bloodstained altar of Trog.
     4 | D        | Found a stormy altar of Qazlal.
     4 | D        | Found an iron altar of Okawaru.
     4 | D        | Found a sparkling altar of Nemelex Xobeh.
     6 | D        | Found an ancient bone altar of Kikubaaqudgha.
     6 | D        | Found a viscous altar of Jiyva.
     6 | D        | Found a corrupted altar of Lugonu.
     6 | D        | Found a hazy altar of Hepliaklqana.
     6 | D        | Found a burning altar of Makhleb.
     6 | D        | Found an opulent altar of Gozag.
   174 | D        | Became a worshipper of Lugonu the Unformed
   174 | D        | Reached * piety under Lugonu
   177 | D        | Reached skill level 5 in Long Blades
   177 | D        | Reached skill level 5 in Dodging
   177 | D        | Reached XP level 2. HP: 21/21 MP: 3/3
   181 | D        | Entered arena 1.
   181 | D        | Noticed a smoke demon
   182 | D        | Killed from afar by a smoke demon

Skill      XL: |  1 |
---------------+----+-----
Fighting       | 3 |  3.6
Long Blades    | 5 |  5.2
Bows           | 3 |  3.6
Dodging        | 5 |  5.8
Stealth        | 3 |  3.4
Throwing       | |  2.0

Action                   || total
-------------------------++-------
 Fire: Longbow           ||     1
  Use: Potion            ||     1
